 Dungeon Crawl Stone Soup version 0.26.1-11-gd32895ea62 (webtiles) character file.

Game seed: 12103972896257860709

134 MajorAdolf the Sneak (level 5, 0/45 HPs)
             Began as a Naga Wanderer on July 21, 2021.
             Was an Initiate of Hepliaklqana.
             Slain by an orc
             ... wielding a +0 flail
              (4 damage)
             ... on level 3 of the Dungeon.
             The game lasted 00:04:43 (3138 turns).

MajorAdolf the Sneak (Naga Wanderer)                Turns: 3138, Time: 00:04:44

Health: 0/45       AC:  2    Str: 13    XL:     5   Next: 17%
Magic:  14/14      EV:  9    Int: 14    God:    Hepliaklqana [......]
Gold:   151        SH:  0    Dex: 11    Spells: 4/4 levels left

rFire    . . .     SeeInvis +   a - +2 spear
rCold    . . .     Faith    .   (no shield)
rNeg     . . .     Spirit   .   d - +0 robe
rPois    +         Reflect  .   (no helmet)
rElec    .         Harm     .   (no cloak)
rCorr    .         Rampage  .   (no gloves)
Will     +....                  (no barding)
Stlth    +++.......             (no amulet)
HPRegen  0.15/turn              j - ring of magical power
MPRegen  0.14/turn              r - ring of willpower

@: about to teleport, short of breath, very slow
A: large, reduced essence, see invisible, deformed body, poison resistance,
slowness 2, spit poison 1, AC +1
a: Spit Poison, Renounce Religion, Recall Ancestor, Ancestor Identity


You were on level 3 of the Dungeon.
You worshipped Hepliaklqana.
Hepliaklqana was noncommittal.
You visited 1 branch of the dungeon, and saw 4 of its levels.

You collected 151 gold pieces.

Inventory:

Hand Weapons
 a - a +2 spear (weapon)
Armour
 d - a +0 robe (worn)
Jewellery
 j - a ring of magical power (left hand)
 r - a ring of willpower (right hand)
Wands
 l - a wand of iceblast (8)
 m - a wand of paralysis (10)
Scrolls
 b - 2 scrolls of teleportation
 e - 3 scrolls of fog {unknown}
 f - 5 scrolls of identify {unknown}
 g - a scroll of fear {unknown}
 h - a scroll of blinking {unknown}
 k - 2 scrolls of random uselessness {unknown}
 n - a scroll of magic mapping {unknown}
 o - 3 scrolls of remove curse {unknown}
Potions
 c - 2 potions of curing
 i - a potion of degeneration {unknown}
 p - 3 potions of haste {unknown}
 q - a potion of invisibility {unknown}
 s - a potion of ambrosia {unknown}


   Skills:
 + Level 4.7 Fighting
 + Level 3.2 Polearms
 - Level 1.0 Throwing
 - Level 1.0 Dodging
 * Level 4.9 Stealth
 - Level 1.0 Shields
 - Level 0.3 Spellcasting


You had 4 spell levels left.
You didn't know any spells.
Your spell library was empty.

Dungeon Overview and Level Annotations

Branches:
Dungeon (4/15)
 Temple: D:4-7

Altars:
Dithmenos
Hepliaklqana
Makhleb
Nemelex Xobeh
Qazlal
Trog
Zin

Annotations:
D:4 exclusion: orc priest, Grinder


Innate Abilities, Weirdness & Mutations

You cannot wear boots.
Your serpentine skin is tough. (AC +1)
You have supernaturally acute eyesight. (SInv)
Armour fits poorly on your strangely shaped body.
Your system is resistant to poisons. (rPois)
You cover ground very slowly.
You can spit poison.
Your life essence is reduced to manifest your ancestor. (-10% HP)


Message History

As you read the scroll of teleportation, it crumbles to dust.
You feel strangely unstable.
The orc priest mumbles some strange prayers to Beogh against you.
You easily resist.
The orc hits you with a +0 whip. The orc hits you with a +0 flail.
* * * LOW HITPOINT WARNING * * *
You feel better.
The orc priest hits you but does no damage.
The orc hits you with a +0 whip. The orc misses you.
Press: ? - help, Shift-Dir - straight line, f - orc
Aim: an orc, wielding a +0 flail and wearing a +0 ring mail The splash of poison hits the orc.
The orc is moderately wounded.
The orc priest invokes the aid of Beogh against you.
Beogh smites you!
* * * LOW HITPOINT WARNING * * *
The orc hits you with a +0 whip.
* * * LOW HITPOINT WARNING * * *
The orc hits you with a +0 flail.
You die...

......##...#..........).........#
#.###..#(..#.#####.....########.#
#.# #...................## #.#
#.###........###.........# #.#
#......#...### #.........# #.#
##.....#...# #.........# #.#
...........# #........## #.#
####..##.#.#####o......## #..
...............o@o.....# ###
####..#...##.#######.###
#.....#......# #.# #.###.#.[.##.#
#.# #.# #.######.# #.# #.# #.#
#.# #.# #[###.# #.#######.#
...##.## #.........#
.#.....#####.#######.############


You could see an orc priest and 2 orcs.

Vanquished Creatures
  An iguana (D:4)
  An adder (D:3)
  2 oozes (D:3)
  4 dart slugs
  3 orcs (D:3)
  5 giant cockroaches
  5 hobgoblins
  5 jackals
  10 kobolds
  8 bats
  4 frilled lizards
  A goblin (D:1)
  8 rats
57 creatures vanquished.

Vanquished Creatures (collateral kills)
  An iguana (D:4)
1 creature vanquished.

Grand Total: 58 creatures vanquished

Notes
Turn   | Place    | Note
-------+----------+-------------------------------------------
     0 | D:1      | MajorAdolf the Naga Wanderer began the quest for the Orb.
     0 | D:1      | MajorAdolf set off with the following items: a +2 spear, a
                  | scroll of teleportation, a potion of curing, a +0 robe
     0 | D:1      | Reached XP level 1. HP: 22/22 MP: 1/1
   131 | D:1      | Reached XP level 2. HP: 22/30 MP: 2/2
   930 | D:1      | Reached XP level 3. HP: 36/36 MP: 3/3
  1186 | D:2      | Found a shadowy altar of Dithmenos.
  1306 | D:2      | Found a stormy altar of Qazlal.
  2119 | D:3      | Reached XP level 4. HP: 45/45 MP: 4/4
  2186 | D:3      | Found a burning altar of Makhleb.
  2595 | D:3      | Found a bloodstained altar of Trog.
  2595 | D:3      | Found a hazy altar of Hepliaklqana.
  2603 | D:3      | Found a faded altar of an unknown god.
  2605 | D:3      | Found a sparkling altar of Nemelex Xobeh.
  2607 | D:3      | Found a faded altar of an unknown god.
  2830 | D:3      | Became a worshipper of Hepliaklqana the Forgotten
  2886 | D:4      | Noticed Grinder
  2965 | D:4      | Reached XP level 5. HP: 45/45 MP: 5/5
  3117 | D:4      | Found a glowing silver altar of Zin.
  3117 | D:4      | Noticed an angel
  3123 | D:4      | Noticed a phantom
  3138 | D:3      | Slain by an orc

Illustrated notes

Levels and vault maps discovered:
D:1:      amcnicky_arrival_choice, layout_rooms
D:2:      layout_loops_ring, lemuel_doored_altar, kennysheep_nub,
          grunt_qazlal_clouds
D:3:      layout_loops_ring, general_overflow_altar,
          chequers_temple_overflow_minitemple
D:4:      layout_cave_pods, grunt_temple_overflow_order_and_chaos_1,
          uniq_grinder

Skill      XL: |  1  2  3  4 |
---------------+-------------+-----
Stealth        | 2 3 4 |  4.9
Polearms       | 3 |  3.2
Fighting       | |  4.7
Throwing       | |  1.0
Dodging        | |  1.0
Shields        | |  1.0
Spellcasting   | |  0.3

Action                   |  1- 3 |  4- 6 || total
-------------------------+-------+-------++-------
Melee: Spear             |   105 |    37 ||   142
 Abil: Spit Poison       |     3 |     6 ||     9
  Use: Scroll            |       |     1 ||     1
       Potion            |       |     1 ||     1
 Stab: Sleeping          |    12 |     6 ||    18
Armor: Robe              |    12 |     7 ||    19
Dodge: Dodged            |    38 |    14 ||    52
